 Dungeon Crawl Stone Soup version 0.29-a0-338-g1ff7896281 (console) character file.

Game seed: 13102913204860605763

86 leiko the Magician (level 4, -3/25 HPs)
             Began as a Deep Elf Wanderer on Apr 17, 2022.
             Slain by Jessica
             ... wielding a +0 spectral club
              (4 damage)
             ... on level 2 of the Dungeon.
             The game lasted 00:04:37 (2448 turns).

leiko the Magician (Deep Elf Wanderer)              Turns: 2448, Time: 00:04:38

Health: -3/25      AC:  2    Str:  8    XL:     4   Next: 27%
Magic:  11/12      EV: 10    Int: 19    God:
Gold:   106        SH:  5    Dex: 15    Spells: 10/11 levels left

rFire   . . .      SeeInvis .   j - +0 whip (venom)
rCold   + . .      Faith    .   c - +0 buckler
rNeg    . . .      Spirit   .   e - +0 robe
rPois   .          Reflect  .   (no helmet)
rElec   .          Harm     .   (no cloak)
rCorr   .          Rampage  .   (no gloves)
Will    .....                   (no boots)
Stlth   +.........              (no amulet)
HPRegen 0.08/turn               f - ring of protection from cold
MPRegen 0.13/turn               (no ring)

@: attractive
A: no striking features
a: no special abilities


You were on level 2 of the Dungeon.
You visited 1 branch of the dungeon, and saw 2 of its levels.

You collected 106 gold pieces.

Inventory:

Hand Weapons
 a - a +2 dagger of freezing
 j - a +0 whip of venom (weapon)
Missiles
 b - 4 curare-tipped darts (quivered)
Armour
 c - a +0 buckler (worn)
 e - a +0 robe (worn)
Jewellery
 f - a ring of protection from cold (left hand)
 g - a +6 ring of strength
Scrolls
 i - a scroll of immolation {unknown}
 k - a scroll of teleportation {unknown}
 l - a scroll of blinking {unknown}


   Skills:
 - Level 1.5 Fighting
 + Level 2.8 Throwing
 + Level 3.0 Shields
 * Level 4.0 Spellcasting
 - Level 3.0 Hexes


You had 10 spell levels left.
You knew the following spells:

 Your Spells              Type           Power      Damage    Failure   Level
a - Slow                  Hex            60%        N/A       5%          1

Your spell library contained the following spells:

 Spells                   Type           Power      Damage    Failure   Level
 Inner Flame              Hex/Fire       9%         N/A       28%         3


Dungeon Overview and Level Annotations

Branches:
Dungeon (2/15)

Altars:

Annotations:
D:2 Jessica


Message History

Jessica closely misses you.
You barely miss Jessica.
Jessica is lightly wounded.
Jessica closely misses you.
The endoplasm hits you but does no damage.
You closely miss Jessica.
Jessica is lightly wounded.
Jessica hits you with a +0 spectral club.
The endoplasm freezes you.
You are frozen.
You resist.
You barely miss Jessica.
Jessica is lightly wounded.
Jessica hits you with a +0 spectral club.
* * * LOW HITPOINT WARNING * * *
The endoplasm closely misses you. Jessica barely misses you.
You feel better. The endoplasm freezes you.
You are frozen.
You resist.
Jessica hits you with a +0 spectral club.
* * * LOW HITPOINT WARNING * * *
You closely miss Jessica.
Jessica is lightly wounded.
The endoplasm closely misses you.
Jessica hits you with a +0 spectral club.
* * * LOW HITPOINT WARNING * * *
The endoplasm freezes you.
You are frozen.
You resist.
* * * LOW HITPOINT WARNING * * *
It was a potion of attraction.
You feel attractive to monsters.
Jessica hits you with a +0 spectral club.
* * * LOW HITPOINT WARNING * * *
The endoplasm hits you.
* * * LOW HITPOINT WARNING * * *
As you read the scroll labelled AFIYNA ENUI, it crumbles to dust.
It is a scroll of brand weapon.
Your +2 dagger is covered with a thin layer of ice!
a - a +2 dagger of freezing Jessica hits you with a +0 spectral club.
You die...

... .. ... ##.# # #.#
#(..## #. #.# ... .. #
#.# #)###.# ... # #..#
#.#...#...? # #..
####.......... #
#.##....@....#.. #
#........@)..# #
##.†......J..# ###
##...........# ..#
###..............
..####...#..............
.......###..........####
#. #...........##...####
## #. #...........##...#
.## #.
#........>.......#
#..###.


You could see Jessica (fast, poisoned, slow) and an endoplasm.

Vanquished Creatures
  A gnoll (D:1)
  3 adders (D:2)
  A worm (D:1)
  A dart slug (D:1)
  A ball python (D:1)
  A bat (D:2)
  An endoplasm (D:2)
  2 giant cockroaches (D:2)
  4 goblins
  8 hobgoblins
  4 jackals (D:1)
  3 quokkas
  2 frilled lizards (D:1)
  3 kobolds
  6 rats
41 creatures vanquished.

Vanquished Creatures (others)
  7 fungi (D:2)
  4 plants (D:2)
11 creatures vanquished.

Grand Total: 52 creatures vanquished

Notes
Turn   | Place    | Note
-------+----------+-------------------------------------------
     0 | D:1      | leiko the Deep Elf Wanderer began the quest for the Orb.
     0 | D:1      | leiko set off with the following items: a +2 dagger, 4
                  | curare-tipped darts, a +0 buckler, a potion of curing, a +0
                  | robe; and the following spell memorised: Slow; and the
                  | following spells available to memorise: Inner Flame
     0 | D:1      | Reached XP level 1. HP: 12/12 MP: 6/6
   209 | D:1      | Reached XP level 2. HP: 6/16 MP: 6/8
  1037 | D:1      | Reached XP level 3. HP: 20/20 MP: 7/9
  2100 | D:2      | Reached XP level 4. HP: 24/25 MP: 11/11
  2310 | D:2      | Reached skill level 4 in Spellcasting
  2433 | D:2      | Noticed Jessica
  2447 | D:2      | HP: 1/25 [endoplasm (1)]
  2448 | D:2      | Slain by Jessica

Illustrated notes

Levels and vault maps discovered:
D:1:      sevenhm_arrival_forest_fort_small_4, layout_loops_corners,
          minivault_19, corexii_corridor_pit, chequers_mini_garden
D:2:      layout_rooms, shapermc_ecumenical_altar_mp_urbaneastern, uniq_jessica,
          uniq_sigmund

Skill      XL: |  1  2  3  4 |
---------------+-------------+-----
Hexes          | 2 3 |  3.0
Shields        | 3 |  3.0
Spellcasting   | 4 |  4.0
Fighting       | |  1.5
Throwing       | |  2.8

Action                   |  1- 3 |  4- 6 || total
-------------------------+-------+-------++-------
Melee: Dagger            |    49 |       ||    49
       Whip              |    69 |    35 ||   104
Throw: Dart              |     1 |       ||     1
 Cast: Slow              |    28 |     7 ||    35
  Use: Potion            |       |     2 ||     2
       Scroll            |       |     1 ||     1
 Stab: Sleeping          |     1 |       ||     1
Armor: Robe              |    15 |     3 ||    18
Dodge: Dodged            |    35 |    20 ||    55
Block: Buckler           |    28 |     5 ||    33

Table legend: (Time is in decaauts)
 A = Elapsed time spent in this place.
 B = Non-inter-level travel time spent in this place.
 C = Inter-level travel time spent in this place.
 D = Time resting spent in this place.
 E = Time spent auto-exploring this place.
 F = Levels seen in this place.
 G = Mean time per level.
                   A        B        C        D        E       F      G
               +--------+--------+--------+--------+--------+-----+--------+
         Total |   2473 |   2446 |     27 |   1227 |    794 |   2 | 1236.5 |
       Dungeon |   2473 |   2446 |     27 |   1227 |    794 |   2 | 1236.5 |
               +--------+--------+--------+--------+--------+-----+--------+

Top non-repeatable levels by time:
     D:1: 1710 daAuts
     D:2: 763 daAuts
